 Seeded DCSS version 0.31-a0-667-g39726597b9 (webtiles) character file.

Game seed: 8226958467842168542 (custom seed)

116 demibob the Slasher (level 4, 31/40 HPs)
             Began as a Minotaur Chaos Knight on Sept 3, 2023.
             Was a Plaything of Xom.
             Quit the game on level 3 of the Dungeon.
             The game lasted 00:02:04 (1404 turns).

demibob the Slasher (Minotaur Chaos Knight)         Turns: 1404, Time: 00:02:05

Health: 31/40      AC:  5    Str: 17    XL:     4   Next: 70%
Magic:  3/3        EV: 11    Int:  9    God:    Xom [..*...]
Gold:   86         SH:  0    Dex: 11    Spells: 3/3 levels left

rFire   . . .        a - +0 falchion (chaos)
rCold   . . .        (no shield)
rNeg    . . .        b - +2 leather armour
rPois   .            (helmet restricted)
rElec   .            (no cloak)
rCorr   .            (no gloves)
SInv    .            (no boots)
Will    .....        (no amulet)
Stlth   +            (no ring)
HPRegen 0.26/turn    (no ring)
MPRegen 0.08/turn

%: no passive effects
@: studying 2 skills
A: horns 2, retaliatory headbutt
a: Renounce Religion


You were on level 3 of the Dungeon.
You worshipped Xom.
You were a toy of Xom.
You visited 1 branch of the dungeon, and saw 3 of its levels.

You collected 86 gold pieces.


Innate Abilities, Weirdness & Mutations

You have a pair of horns on your head.
You reflexively headbutt those who attack you in melee.


   Skills:
 + Level 3.7 Fighting
 + Level 6.7 Long Blades
 - Level 2.4 Armour
 - Level 1.1 Dodging


You had 3 spell levels left.
You didn't know any spells.
Your spell library contained the following spells:

 Spells                   Type           Power      Damage    Failure   Level
 Sandblast                Erth           0%         2d4       43%         1
 Passwall                 Tmut/Erth      0%         N/A       58%         2
 Hailstorm                Conj/Ice       0%         3d3       82%         3
 Stone Arrow              Conj/Erth      0%         3d7       82%         3
 Summon Ice Beast         Ice/Summ       0%         N/A       99%         4
 Simulacrum               Ice/Necr       0%         N/A       100%        6

Inventory:

Hand Weapons
 a - a +0 falchion of chaos (weapon)
Armour
 b - a +2 leather armour (worn)
Magical Staves
 l - a staff of earth {!a}
Scrolls
 c - a scroll of butterflies
 e - a scroll of blinking {unknown}
 h - 2 scrolls of teleportation {unknown}
 i - 2 scrolls of amnesia {unknown}
 j - 3 scrolls of identify {unknown}
Potions
 d - a potion of heal wounds {unknown}
 f - 2 potions of curing {@q1}
 g - a potion of mutation {unknown}
 k - a potion of lignification {unknown}

Dungeon Overview and Level Annotations

Branches:
Dungeon (3/15)

Altars:

#########
#...<...####
#....<.....#
#......@)..+
#....)..o..#
#..........#
#.....$....#
#..........#
###..##....#
... #....#
###. #....#


You could see an orc priest (agile).


Message History

Items here: ))))).
You see here a +0 club.
There is a stone staircase leading down here.
You see here a +0 dagger.
You climb downwards.
The orc shouts! x2
Found 9 gold pieces.
Found a stone staircase leading up.
There is a stone staircase leading up here.
There are monsters nearby!
There are monsters nearby!
The orc priest shouts!
The orc priest calls down the wrath of Beogh upon you.
Beogh smites you!
You hit the orc. You freeze the orc. You headbutt the orc.
You kill the orc!
The orc closely misses you. The orc hits you but does no damage.
You hit the orc priest.
You feel better.
The orc priest is moderately wounded.
The orc barely misses you.
The orc priest invokes the aid of Beogh against you.
You barely resist. You slash the orc priest!
The orc priest suddenly seems more agile.
Xom thinks this is hilarious!
The orc priest is almost dead.
The orc priest barely misses you. The orc barely misses you.
You furiously retaliate!
You headbutt the orc!
You kill the orc!
Are you sure you want to abandon this character and quit the game? (Confirm with "yes".)

Skill      XL: |  1  2  3 |
---------------+----------+-----
Long Blades    | 4 5 6 |  6.7
Fighting       | |  3.7
Armour         | |  2.4
Dodging        | |  1.1

Action                     |  1- 3 |  4- 6 || total
---------------------------+-------+-------++-------
  Melee: Falchion          |    85 |    57 ||   142
         Headbutt          |    14 |    11 ||    25
    Use: Potion            |     1 |       ||     1
         Scroll            |       |     2 ||     2
 Armour: Leather armour    |    60 |    25 ||    85
  Dodge: Dodged            |    59 |    38 ||    97

Levels and vault maps discovered:
D:1:      psy_arrival_statuary, layout_rooms
D:2:      layout_basic, uniq_robin
D:3:      layout_basic, minmay_misc_feat_tiny, corexii_leaking_fountain,
          uniq_jessica, uniq_crazy_yiuf_cottage

Notes
Turn   | Place    | Note
-------+----------+-------------------------------------------
     0 | D:1      | demibob the Minotaur Chaos Knight began the quest for the
                  | Orb.
     0 | D:1      | Reached XP level 1. HP: 19/19 MP: 0/0
    86 | D:1      | XOM: butterfly on damage
    87 | D:1      | XOM: potion effect (curing)
    89 | D:1      | Reached skill level 4 in Long Blades
    89 | D:1      | Reached XP level 2. HP: 22/26 MP: 1/1
   153 | D:1      | Reached skill level 5 in Long Blades
   154 | D:1      | XOM: silly message
   179 | D:1      | XOM: silly message
   181 | D:1      | XOM: silly message
   182 | D:1      | Reached XP level 3. HP: 30/31 MP: 2/2
   585 | D:2      | Noticed Robin
   596 | D:2      | Killed Robin
   597 | D:2      | Reached skill level 6 in Long Blades
   597 | D:2      | Reached XP level 4. HP: 24/39 MP: 3/3
   885 | D:2      | XOM: scenery: summon butterflies
   998 | D:2      | XOM: scenery: summon butterflies
  1212 | D:2      | XOM: torment (21/39 hp)
  1339 | D:2      | XOM: noise
  1378 | D:2      | Identified 2 scrolls of acquirement
  1378 | D:2      | Acquired a manual of Fighting
  1379 | D:2      | Acquired a manual of Long Blades
  1404 | D:3      | Quit the game

Vanquished Creatures
  Robin (D:2)
  2 adders (D:2)
  A gnoll (D:1)
  2 worms (D:2)
  2 orcs (D:3)
  5 ball pythons
  2 bats (D:1)
  4 endoplasms
  13 goblins
  6 hobgoblins
  11 jackals
  3 quokkas
  A frilled lizard (D:2)
  2 kobolds (D:1)
  7 rats
62 creatures vanquished.

Vanquished Creatures (collateral kills)
  A goblin (D:1)
  A rat (D:1)
2 creatures vanquished.

Grand Total: 64 creatures vanquished

Table legend: (Time is in decaauts)
 A = Elapsed time spent in this place.
 B = Non-inter-level travel time spent in this place.
 C = Inter-level travel time spent in this place.
 D = Time resting spent in this place.
 E = Time spent auto-exploring this place.
 F = Levels seen in this place.
 G = Mean time per level.
                   A        B        C        D        E       F      G
               +--------+--------+--------+--------+--------+-----+--------+
         Total |   1406 |   1381 |     25 |      0 |   1106 |   3 |  468.7 |
       Dungeon |   1406 |   1381 |     25 |      0 |   1106 |   3 |  468.7 |
               +--------+--------+--------+--------+--------+-----+--------+

Top non-repeatable levels by time:
     D:2: 1010 daAuts
     D:1: 389 daAuts
     D:3: 6 daAuts

Table legend:
 A = Non-vault XP
 B = Vault XP
 C = Vault XP percentage of total XP
 D = Non-vault monster count
 E = Vault monster count
 F = Vault count percentage of total count
                 A         B        C        D         E       F
            +---------+---------+-------+---------+---------+-------
      Total |     133 |      34 |  20.4 |      52 |      12 |  18.8
            +---------+---------+-------+---------+---------+-------
        D:1 |      56 |       0 |   0.0 |      26 |       0 |   0.0
        D:2 |      71 |      34 |  32.4 |      24 |      12 |  33.3
        D:3 |       6 |       0 |   0.0 |       2 |       0 |   0.0
            +---------+---------+-------+---------+---------+-------
